 Seeded DCSS version 0.24-a0-586-g8e0e932 (webtiles) character file.

Game seed: 20190907, levelgen mode: deterministic

70 Gashadokuro the Charmwright (level 4, 0/34 HPs)
             Began as a Merfolk Skald on Sept 7, 2019.
             Slain by an orc wizard
             ... wielding a +0 dagger
              (3 damage)
             ... on level 4 of the Dungeon.
             The game lasted 00:10:55 (2099 turns).

Gashadokuro the Charmwright (Merfolk Skald)         Turns: 2099, Time: 00:10:55

Health: 0/34       AC: 10    Str: 17    XL:     4   Next: 22%
Magic:  7/7        EV:  8    Int: 12    God:
Gold:   85         SH:  0    Dex: 13    Spells: 6/7 levels left

rFire    . . .     SeeInvis +   a - +0 falchion
rCold    . . .     Gourm    .   (no shield)
rNeg     . . .     Faith    .   g - +0 chain mail
rPois    +         Spirit   .   c - +0 helmet
rElec    .         Reflect  .   f - +0 cloak
rCorr    .         Harm     .   (no gloves)
MR       .....                  (no boots)
Stlth    ..........             (no amulet)
HPRegen  0.11/turn              q - ring of see invisible
MPRegen  0.10/turn              x - ring of poison resistance

@: mighty
A: change form in water, swift swim, stealthy swim
a: no special abilities


You were on level 4 of the Dungeon.
You were not hungry.

You visited 1 branch of the dungeon, and saw 4 of its levels.

You collected 85 gold pieces.

Inventory:

Hand Weapons
 a - a +0 falchion (weapon)
 i - a +0 spear
 j - a +0 club
 m - a +0 club
 n - a +0 dagger
 p - a +0 dagger
 s - a +0 club
 v - a +0 mace
 y - a +0 club
 z - a +0 hand axe
 A - a +0 short sword
 B - a +0 hand axe
 E - a +0 club
 F - a +0 hand axe
 H - a +0 short sword
Missiles
 o - 46 stones (quivered)
 u - 21 arrows
Armour
 b - a +0 leather armour
 c - a +0 helmet (worn)
 f - a +0 cloak (worn)
 g - a +0 chain mail (worn)
 h - a +0 ring mail
 l - a +0 chain mail
 G - a +0 scale mail
Jewellery
 q - a ring of see invisible (left hand)
 x - a ring of poison resistance (right hand)
Scrolls
 k - a scroll of fear {unknown}
 w - a scroll of identify {unknown}
 C - a scroll of enchant weapon {unknown}
 D - a scroll of remove curse {unknown}
Potions
 e - a potion of might
 r - a potion of curing {unknown}
Comestibles
 d - 2 rations


   Skills:
 + Level 2.6 Fighting
 + Level 3.4 Long Blades
 + Level 1.0 Armour
 + Level 2.9 Dodging
 + Level 2.2 Spellcasting
 + Level 3.8 Charms


You had 6 spell levels left.
You knew the following spells:

 Your Spells              Type           Power        Failure   Level  Hunger
a - Infusion              Chrm           ##..         67%         1    ##.....

Your spell library contained the following spells:

 Spells                   Type           Power        Failure   Level  Hunger
 Song of Slaying          Chrm           ##......     80%         2    ###....
 Shroud of Golubria       Chrm/Tloc      #.....       97%         2    ###....
 Regeneration             Chrm/Necr      #.........   99%         3    ####...
 Spectral Weapon          Hex/Chrm       #.......     99%         3    ####...


Dungeon Overview and Level Annotations

Branches:
Dungeon (4/15)
 Temple: D:4-7

Altars:


Message History

The orc wizard is heavily wounded.
The orc wizard completely misses you.
You riposte.
You hit the orc wizard.
The orc wizard is almost dead.
The orc hits you with a +0 hand axe.
* * * LOW HITPOINT WARNING * * *
The orc wizard hits you but does no damage.
You closely miss the orc wizard.
The orc wizard is almost dead.
The orc wizard hits you but does no damage.
The orc barely misses you.
You riposte.
You hit the orc.
The orc is heavily wounded.
You closely miss the orc wizard.
The orc wizard is almost dead.
The orc wizard casts a cantrip, but nothing happens.
The orc wizard looks braver for a moment.
The orc hits you but does no damage.
You closely miss the orc wizard.
The orc wizard is almost dead.
The orc wizard hits you with a +0 dagger.
You die...

.# ..# ..#
... # #o#
#. #o#
#.###o#
#.##...@o#
#.......<#
#.######.#
###


You could see an orc wizard and 3 orcs.

Vanquished Creatures
  3 adders (D:2)
  A worm (D:2)
  A leopard gecko (D:3)
  5 orcs
  3 giant cockroaches
  3 hobgoblins (D:1)
  6 jackals
  3 bats
  3 goblins
  2 kobolds (D:1)
  4 rats
  A plant (D:1)
35 creatures vanquished.

Notes
Turn   | Place    | Note
-------+----------+-------------------------------------------
     0 | D:1      | Gashadokuro the Merfolk Skald began the quest for the Orb.
     0 | D:1      | Reached XP level 1. HP: 16/16 MP: 3/3
   639 | D:1      | Reached XP level 2. HP: 14/22 MP: 5/5
  1105 | D:2      | Reached XP level 3. HP: 13/28 MP: 6/6
  1940 | D:3      | Reached skill level 1 in Armour
  1944 | D:3      | Reached XP level 4. HP: 27/34 MP: 7/7
  2099 | D:4      | Slain by an orc wizard

Levels and vault maps discovered:
D:1:      kennysheep_arrival_forest, layout_loops_corners, serial_bayou_lake_a
D:2:      layout_basic, first_ration, wad_floor_pattern_1
D:3:      layout_basic, gammafunk_ghost_necromancy, uniq_crazy_yiuf_cottage
D:4:      layout_basic, minmay_temple_entry_grid, corexii_corridor_pit,
          minmay_manual_mail

Skill      XL: |  1  2  3 |
---------------+----------+-----
Long Blades    | 3 |  3.4
Armour         | 1 |  1.0
Fighting       | |  2.6
Dodging        | |  2.9
Spellcasting   | |  2.2
Charms         | |  3.8

Action                   |  1- 3 |  4- 6 || total
-------------------------+-------+-------++-------
Melee: Falchion          |   204 |    67 ||   271
       Tailslap          |    20 |       ||    20
  Use: Scroll            |     1 |     1 ||     2
       Potion            |       |     1 ||     1
  Eat: Chunk             |     3 |       ||     3
       Ration            |     1 |       ||     1
Armor: Chain mail        |   139 |    75 ||   214
Dodge: Dodged            |    50 |    47 ||    97
       Rpst.: Falchion   |    15 |    16 ||    31

Table legend:
 A = Non-vault XP
 B = Vault XP
 C = Vault XP percentage of total XP
 D = Non-vault monster count
 E = Vault monster count
 F = Vault count percentage of total count
                 A         B        C        D         E       F
            +---------+---------+-------+---------+---------+-------
      Total |     101 |       0 |   0.0 |      34 |       0 |   0.0
            +---------+---------+-------+---------+---------+-------
        D:1 |      16 |       0 |   0.0 |      11 |       0 |   0.0
        D:2 |      55 |       0 |   0.0 |      11 |       0 |   0.0
        D:3 |      27 |       0 |   0.0 |      11 |       0 |   0.0
        D:4 |       3 |       0 |   0.0 |       1 |       0 |   0.0
            +---------+---------+-------+---------+---------+-------
